 Dungeon Crawl Stone Soup version 0.27.1-33-g824d729ab1 (webtiles) character file.

Game seed: 17353864696178297764

233 Descartes the Ducker (level 5, -11/22 HPs)
             Began as a Felid Warper on Nov 24, 2021.
             Mangled by Crazy Yiuf (20 damage)
             ... on level 2 of the Dungeon.
             The game lasted 00:04:35 (4766 turns).

Descartes the Ducker (Felid Warper)                 Turns: 4766, Time: 00:04:36

Health: -11/22     AC:  1    Str:  8    XL:     5   Next: 74%
Magic:  9/9        EV: 20    Int: 15    God:
Gold:   125        SH:  0    Dex: 15    Spells: 6/8 levels left
                                        Lives:  0   Deaths: 1

rFire    . . .     SeeInvis +     - Unarmed
rCold    . . .     Faith    .   (shield unavailable)
rNeg     . . .     Spirit   .   (armour unavailable)
rPois    .         Reflect  .   (helmet unavailable)
rElec    .         Harm     .   (cloak unavailable)
rCorr    .         Rampage  .   (gloves unavailable)
Will     .....                  (boots unavailable)
Stlth    +.........             (no amulet)
HPRegen  0.07/turn              (no ring)
MPRegen  0.11/turn              (no ring)

@: mighty, quick
A: very small, claws 1, fangs 3, see invisible, speed 1, shaggy fur 1, stealthy
paws, no weapons or thrown items, no armour, multi-lived
a: no special abilities


You were on level 2 of the Dungeon.
You visited 1 branch of the dungeon, and saw 2 of its levels.

You collected 125 gold pieces.

Inventory:

Missiles
 b - 32 stones
Wands
 e - a wand of acid (4)
Scrolls
 a - a scroll of blinking
 c - a scroll of immolation {unknown}
Potions
 d - a potion of flight


   Skills:
 - Level 2.0 Fighting
 * Level 7.3 Dodging
 + Level 4.0 Unarmed Combat
 - Level 2.0 Spellcasting
 - Level 4.4 Translocations


You had 6 spell levels left.
You knew the following spells:

 Your Spells              Type           Power      Damage    Failure   Level
a - Blink                 Tloc           N/A        N/A       5%          2

Your spell library contained the following spells:

 Spells                   Type           Power      Damage    Failure   Level
 Gell's Gravitas          Tloc           7%         N/A       11%         3
 Lesser Beckoning         Tloc           7%         N/A       11%         3
 Teleport Other           Tloc           14%        N/A       11%         3
 Passwall                 Tmut/Erth      0%         N/A       32%         2
 Swiftness                Air            1%         N/A       54%         3
 Manifold Assault         Tloc           14%        N/A       71%         5
 Invisibility             Hex            0%         N/A       100%        6


Dungeon Overview and Level Annotations

Branches:
Dungeon (2/15)

Altars:

Annotations:
D:2 Crazy Yiuf


Innate Abilities, Weirdness & Mutations

You have sharp claws.
You have razor-sharp teeth.
You have supernaturally acute eyesight. (SInv)
You cover ground quickly. (Speed+)
You are covered in fur. (AC +1)
Your paws help you pounce on unaware monsters.
You are incapable of wielding weapons or throwing items.
You cannot wear armour.
You gain extra lives every three experience levels.


Message History

No target in view!
No target in view!
No target in view!
No target in view!
No target in view!
No target in view!
You see here a ball python corpse.
Found a stone staircase leading down.
Found a pair of runed boots.
You see here a +0 mace.
You see here a +0 mace.
You see here a +0 mace.
Crazy Yiuf shouts!
You see here a +0 mace.
Could not explore, unopened runed door.
You open the door.
There is an open translucent door here.
You scratch Crazy Yiuf.
Crazy Yiuf is moderately wounded.
Crazy Yiuf barely misses you.
You closely miss Crazy Yiuf.
Crazy Yiuf is moderately wounded.
Crazy Yiuf completely misses you.
You scratch Crazy Yiuf.
Crazy Yiuf is moderately wounded.
Crazy Yiuf says, "Fluff pontify sallow!"
Crazy Yiuf closely misses you.
You scratch Crazy Yiuf.
Crazy Yiuf is heavily wounded.
Crazy Yiuf hits you with a +3 quarterstaff of chaos!
Ouch! That really hurt!
You feel very mighty all of a sudden.
You closely miss Crazy Yiuf.
Crazy Yiuf is heavily wounded.
Crazy Yiuf misses you.
You scratch Crazy Yiuf. Your bite misses Crazy Yiuf.
Crazy Yiuf is severely wounded.
Crazy Yiuf hits you with a +3 quarterstaff of chaos!!
Ouch! That really hurt!
You die...

..............#.#
....####.######.#
...........# ###
.##..###.###
÷###.###...#
#####
.##........#
#..)#
.##.#.##.###
#)..#
.##.#......#
#)g.#
.##.##.#.#.# #@#
#### .##.#..#.#.#
♣♣)♣ #..#
..#.#....#.# ♣)♣♣
##.# ..#.##.#.#.#
♣♣)♣ #.#
..#........# ♣.♣♣
#.# .#####...###
♣♣)♣♣ #.#
...........#
♣...♣♣ #.#
.####<.....#
♣....♣ #.#
.#........##
#....# #.#


You could see Crazy Yiuf.

Vanquished Creatures
  Sigmund (D:2)
  Natasha (thrice) (D:2)
  A gnoll (D:1)
  An adder (D:2)
  A worm (D:2)
  A dart slug (D:1)
  5 ball pythons
  4 endoplasms (D:2)
  3 giant cockroaches
  2 goblins (D:1)
  6 hobgoblins
  4 kobolds (D:1)
  2 quokkas (D:1)
  3 bats
  5 frilled lizards
  7 rats
49 creatures vanquished.

Notes
Turn   | Place    | Note
-------+----------+-------------------------------------------
     0 | D:1      | Descartes the Felid Warper began the quest for the Orb.
     0 | D:1      | Reached XP level 1. HP: 9/9 MP: 4/4
   106 | D:1      | Reached skill level 4 in Dodging
   106 | D:1      | Reached XP level 2. HP: 5/13 MP: 6/6
   936 | D:1      | Found a faded altar of an unknown god.
  1440 | D:1      | Reached XP level 3. HP: 6/16 MP: 7/7
  1890 | D:1      | You fall into a shaft and drop 1 floor!
  2403 | D:1      | Reached skill level 5 in Dodging
  2539 | D:1      | Found a faded altar of an unknown god.
  3424 | D:2      | Learned a level 2 spell: Blink
  3506 | D:2      | Noticed Natasha
  3522 | D:2      | Killed Natasha
  3523 | D:2      | Reached XP level 4. HP: 2/19 MP: 8/8
  3535 | D:2      | Noticed Natasha
  3543 | D:2      | Killed Natasha
  3890 | D:2      | Found a runed translucent door.
  3891 | D:2      | Noticed Crazy Yiuf
  4143 | D:2      | Noticed Sigmund
  4156 | D:2      | Killed from afar by Sigmund
  4157 | D:2      | Reached XP level 3. HP: -3/16 MP: 7/7
  4176 | D:2      | Noticed Natasha
  4183 | D:2      | Killed Sigmund
  4184 | D:2      | Reached skill level 7 in Dodging
  4184 | D:2      | Reached XP level 4. HP: 11/19 MP: 8/8
  4184 | D:2      | Reached XP level 5. HP: 13/22 MP: 9/9
  4188 | D:2      | Killed Natasha
  4766 | D:2      | Mangled by Crazy Yiuf

Illustrated notes

Levels and vault maps discovered:
D:1:      dpeg_arrival_ternary, layout_basic,
          hellmonk_ecumenical_altar_crossroads
D:2:      layout_basic, uniq_sigmund, uniq_natasha, uniq_crazy_yiuf_cottage

Skill      XL: |  1  2  3  4  5 |
---------------+----------------+-----
Dodging        | 4 7 |  7.3
Unarmed Combat | 3 4 |  4.0
Fighting       | |  2.0
Spellcasting   | |  2.0
Translocations | |  4.4

Action                   |  1- 3 |  4- 6 || total
-------------------------+-------+-------++-------
Melee: Unarmed           |   160 |    26 ||   186
       Bite              |    14 |     2 ||    16
       Punch             |     3 |     1 ||     4
  Use: Potion            |     2 |       ||     2
 Stab: Sleeping          |     9 |       ||     9
Armor: Skin              |     9 |     3 ||    12
Dodge: Dodged            |   117 |    24 ||   141
